 Dungeon Crawl Stone Soup version 0.27-a0-103-g6cd7b45605 (webtiles) character file.

Game seed: 11538169354899525856

329 jasper the Shooter (level 6, 0/50 HPs)
             Began as a Palentonga Arcane Marksman on Jan 23, 2021.
             Slain by a quasit (3 damage)
             ... summoned by Eustachio
             ... on level 4 of the Dungeon.
             The game lasted 00:05:53 (3181 turns).

jasper the Shooter (Palentonga Arcane Marksman)     Turns: 3181, Time: 00:05:53

Health: 0/50       AC: 11    Str: 16      XL:     6   Next: 25%
Magic:  7/7        EV:  5    Int: 13      God:
Gold:   125        SH:  0    Dex:  9 (10) Spells: 6/7 levels left

rFire    + . .     SeeInvis +   b - +0 short sword
rCold    + . .     Faith    .   (no shield)
rNeg     . . .     Spirit   .   f - +0 scale mail
rPois    .         Reflect  .   (no helmet)
rElec    .         Harm     .   d - scarf {rC+ rF+}
rCorr    .         Rampage  .   g - +0 pair of gloves
Will     .....                  i - +0 barding
Stlth    +.........             (no amulet)
HPRegen  0.16/turn              j - ring of stealth
MPRegen  0.10/turn              (no ring)

@: no status effects
A: large, rugged brown scales 3, see invisible, deformed body, roll 1, armoured
tail
a: Rolling Charge


You were on level 4 of the Dungeon.
You visited 1 branch of the dungeon, and saw 4 of its levels.

You collected 125 gold pieces.

Inventory:

Hand Weapons
 a - a +0 shortbow
 b - a +0 short sword (weapon)
Missiles
 c - 84 stones (quivered)
Armour
 d - a scarf of resistance (worn)
 e - a +0 robe
 f - a +0 scale mail (worn)
 g - a +0 pair of gloves (worn)
 i - a +0 barding (worn)
Jewellery
 j - a ring of stealth (left hand)
Scrolls
 l - a scroll of fear


   Skills:
 - Level 1.0 Fighting
 + Level 5.5 Bows
 - Level 1.5 Dodging
 - Level 1.0 Spellcasting
 - Level 3.0 Hexes


You had 6 spell levels left.
You knew the following spells:

 Your Spells              Type           Power        Failure   Level
a - Corona                Hex            8%           30%         1

Your spell library contained the following spells:

 Spells                   Type           Power        Failure   Level
 Slow                     Hex            8%           43%         2
 Inner Flame              Hex/Fire       4%           86%         3
 Portal Projectile        Hex/Tloc       8%           86%         3
 Cause Fear               Hex            4%           97%         4
 Leda's Liquefaction      Hex/Erth       2%           99%         4


Dungeon Overview and Level Annotations

Branches:
Dungeon (4/15)
 Temple: D:4-7

Altars:

Annotations:
D:3 Grinder, Terence
D:4 Eustachio


Innate Abilities, Weirdness & Mutations

You are completely covered in rugged brown scales. (AC +3, +7% HP)
You have supernaturally acute eyesight. (SInv)
Armour fits poorly on your strangely shaped body.
You can roll at nearby foes to attack.
You have a long armoured tail.


Message History

The bat hits you.
* * * LOW HITPOINT WARNING * * *
The iron imp hits you.
* * * LOW HITPOINT WARNING * * *
The quasit bites you but does no damage.
The quasit claws you but does no damage.
The quasit barely misses you.
The quasit bites you but does no damage.
The quasit claws you but does no damage. x2
Eustachio hits you but does no damage.
You take 5 damage, and have 7/50 hp.
You miss Eustachio.
Eustachio is almost dead.
The river rat disappears in a puff of smoke!
The bat hits you but does no damage. x2; The iron imp hits you.
* * * LOW HITPOINT WARNING * * *
The quasit bites you but does no damage.
The quasit claws you but does no damage.
The quasit barely misses you. The quasit bites you.
You die...

#.........@.....#
###.......#....##
#.......#....#
#............#
#.......#....#
#......##+#..#
######## #..# #5r#
########## ###@b#
.........#####b@55#
##..............b§#
#.#####.##########
#.....#........#
#####.#.######.#
#<#.#.# #.#
####.#.### #.#
.....#.# #.#


You could see Eustachio, an iron imp (summoned), 2 quasits, a river rat
(summoned) and 3 bats.

Vanquished Creatures
  Sigmund (D:3)
  An orc wizard (D:4)
  A bullfrog skeleton (D:4)
  A worker ant (D:4)
  2 adders
  A gnoll (D:1)
  2 dart slugs
  2 leopard geckos
  7 orcs (D:4)
  5 giant cockroaches
  3 goblins
  2 hobgoblins (D:1)
  A quokka (D:1)
  5 bats
  3 frilled lizards
  5 kobolds
  6 rats
48 creatures vanquished.

Notes
Turn   | Place    | Note
-------+----------+-------------------------------------------
     0 | D:1      | jasper the Palentonga Arcane Marksman began the quest for
                  | the Orb.
     0 | D:1      | Reached XP level 1. HP: 17/17 MP: 2/2
   255 | D:1      | Reached skill level 2 in Bows
   401 | D:1      | Reached XP level 2. HP: 24/24 MP: 3/3
  1230 | D:2      | Reached XP level 3. HP: 29/29 MP: 4/4
  1255 | D:1      | Reached skill level 3 in Bows
  2155 | D:3      | Noticed Sigmund
  2168 | D:3      | Killed Sigmund
  2169 | D:3      | Reached skill level 5 in Bows
  2169 | D:3      | Reached XP level 4. HP: 33/37 MP: 5/5
  2169 | D:3      | Reached XP level 5. HP: 38/42 MP: 6/6
  2264 | D:3      | Noticed Terence
  2301 | D:3      | Noticed Grinder
  2454 | D:4      | Reached XP level 6. HP: 18/50 MP: 7/7
  2730 | D:4      | Noticed Eustachio
  3181 | D:4      | Slain by a quasit

Illustrated notes

Levels and vault maps discovered:
D:1:      psy_arrival_radial02, layout_basic, serial_curves, eino_curves_03,
          eino_curves_04, eino_curves_02
D:2:      layout_rooms, grunt_ministairs_3
D:3:      layout_basic, uniq_terence, uniq_sigmund, uniq_grinder
D:4:      layout_basic, temple_doors_cd, supply_closet_lemuel, uniq_eustachio

Skill      XL: |  1  2  3 |
---------------+----------+-----
Bows           | 2 5 |  5.5
Fighting       | |  1.0
Dodging        | |  1.5
Spellcasting   | |  1.0
Hexes          | |  3.0

Action                   |  1- 3 |  4- 6 || total
-------------------------+-------+-------++-------
Melee: Short sword       |    50 |    88 ||   138
       Tailslap          |     5 |     5 ||    10
 Fire: Shortbow          |    93 |    37 ||   130
 Abil: Rolling Charge    |     8 |     7 ||    15
Evoke: Wand              |       |     4 ||     4
  Use: Potion            |       |     3 ||     3
       Scroll            |       |     4 ||     4
Armor: Scale mail        |    82 |   193 ||   275
       Robe              |     1 |       ||     1
Dodge: Dodged            |    23 |    62 ||    85

Table legend: (Time is in decaauts)
 A = Elapsed time spent in this place.
 B = Non-inter-level travel time spent in this place.
 C = Inter-level travel time spent in this place.
 D = Time resting spent in this place.
 E = Time spent auto-exploring this place.
 F = Levels seen in this place.
 G = Mean time per level.
                   A        B        C        D        E       F      G
               +--------+--------+--------+--------+--------+-----+--------+
         Total |   3201 |   3121 |     80 |    870 |   1525 |   4 |  800.2 |
       Dungeon |   3201 |   3121 |     80 |    870 |   1525 |   4 |  800.2 |
               +--------+--------+--------+--------+--------+-----+--------+

Top non-repeatable levels by time:
     D:1: 1696 daAuts
     D:4: 789 daAuts
     D:3: 389 daAuts
     D:2: 326 daAuts
